 Dungeon Crawl Stone Soup version 0.29.1-15-g9cfb28693d (webtiles) character file.

Game seed: 6167961861413246305

94 Heoruswealwe the Magician (level 4, 0/24 HPs)
             Began as a Deep Elf Earth Elementalist on Apr 13, 2023.
             Slain by a +4 vorpal glaive (4 damage)
             ... created by the rancor of the Wu Jian Council
             ... on level 3 of the Dungeon.
             The game lasted 00:17:30 (1865 turns).

Heoruswealwe the Magician (DEEE)                    Turns: 1865, Time: 00:17:33

Health: 0/24       AC:  2    Str:  5    XL:     4   Next: 38%
Magic:  21/22      EV: 12    Int: 22    God:
Gold:   117        SH:  0    Dex: 15    Spells: 3/13 levels left

rFire   . . .      SeeInvis .   (no weapon)
rCold   . . .      Faith    .   (no shield)
rNeg    . . .      Spirit   .   c - +0 robe
rPois   .          Reflect  .   (no helmet)
rElec   .          Harm     .   (no cloak)
rCorr   .          Rampage  .   (no gloves)
Will    .....                   (no boots)
Stlth   ++........              (no amulet)
HPRegen 0.08/turn               k - ring of magical power
MPRegen 0.18/turn               (no ring)

@: slowed, very slow
A: no striking features
a: no special abilities


You were on level 3 of the Dungeon.
You visited 1 branch of the dungeon, and saw 3 of its levels.

You collected 169 gold pieces.
You spent 52 gold pieces at shops.

Inventory:

Armour
 c - a +0 robe (worn)
Jewellery
 k - a ring of magical power (left hand)
Scrolls
 a - a scroll of poison {unknown}
 d - 3 scrolls of teleportation
 e - 2 scrolls of enchant weapon
Potions
 b - a potion of magic
 f - a potion of resistance
 g - a potion of flight
 h - a potion of curing
 i - a potion of attraction {unknown}
 j - 2 potions of lignification {unknown}


   Skills:
 - Level 2.4 Dodging
 - Level 2.4 Stealth
 + Level 5.0 Spellcasting
 - Level 1.1 Transmutations
 + Level 4.6 Earth Magic


You had 3 spell levels left.
You knew the following spells:

 Your Spells              Type           Power      Damage    Failure   Level
a - Sandblast             Erth           52%        2d12      1%          1
b - Stone Arrow           Conj/Erth      30%        3d8       12%         3
c - Petrify               Tmut/Erth      18%        N/A       30%         4
z - Passwall              Tmut/Erth      15%        N/A       4%          2

Your spell library contained the following spells:

 Spells                   Type           Power      Damage    Failure   Level
 Wereblood                Tmut           10%        N/A       10%         2
 Sublimation of Blood     Necr           5%         N/A       16%         2
 Summon Hydra             Summ           2%         N/A       100%        7


Dungeon Overview and Level Annotations

Branches:
Dungeon (3/15)

Altars:
Qazlal
Wu Jian

Shops:
D:2 ?


Message History

a +0 dagger; 3 stones
Things that are here:
a +0 dagger; 3 stones
Found a stormy altar of Qazlal.
There is a stormy altar of Qazlal here.
A frilled lizard comes into view.
The blast of sand hits the frilled lizard!
You kill the frilled lizard!
Sifu Yunchang says: Die by a thousand cuts!
A +1 quarterstaff of electrocution, a +0 glaive of freezing and a +3 glaive of freezing come into view.
The blast of sand hits the +3 glaive of freezing!
You destroy the +3 glaive of freezing!
That felt strangely unrewarding.
The blast of sand hits the +0 glaive of freezing!
You destroy the +0 glaive of freezing!
That felt strangely unrewarding.
The blast of sand hits the +1 quarterstaff of electrocution.
The +1 quarterstaff of electrocution is almost destroyed.
The +1 quarterstaff of electrocution hits you.
The blast of sand hits the +1 quarterstaff of electrocution.
You destroy the +1 quarterstaff of electrocution!
That felt strangely unrewarding.
The barbs in your skin will harm you if you move.
Continue?
Okay, then.
You start resting.
You carefully extract the barbed spikes from your body.
Found a scale mail.
You see here a +0 scale mail.
Sifu Hu Sanniang whispers: Nowhere to run... 5 dancing weapons come into view.
There is a +4 vorpal quarterstaff.
There is a +0 glaive of freezing.
There is a +4 vorpal glaive.
There is a +3 quarterstaff of speed.
There is a +4 broad axe of flaming.
You hit the +4 broad axe of flaming but do no damage.
The blast of sand hits the +0 glaive of freezing.
The +0 glaive of freezing is moderately damaged.
The +4 broad axe of flaming hits you. The +4 broad axe of flaming burns you.
The +0 glaive of freezing closely misses you.
The +4 vorpal glaive hits you from afar!
Ouch! That really hurt!
* * * LOW HITPOINT WARNING * * *
You die...

#.## #.## #... ###.
#### #. #.... #.
#...(### ###.
#...(((# #... #@#
#.## #(# #.# #.# #.#
#.# #.#
####.#############.#
#.......#.......##.#
#.##.##.#.##...[...#
#.##......##.##.####
#.#####......##.#


You could see 5 dancing weapons.

Vanquished Creatures
  3 dancing weapons (D:3)
  2 adders (D:3)
  A dart slug (D:1)
  4 ball pythons
  5 bats
  12 endoplasms
  5 giant cockroaches
  8 goblins
  4 hobgoblins
  6 jackals
  2 quokkas (D:1)
  5 frilled lizards
  5 kobolds
  5 rats
67 creatures vanquished.

Notes
Turn   | Place    | Note
-------+----------+-------------------------------------------
     0 | D:1      | Heoruswealwe the Deep Elf Earth Elementalist began the
                  | quest for the Orb.
     0 | D:1      | Reached XP level 1. HP: 10/10 MP: 6/6
   148 | D:1      | Reached XP level 2. HP: 15/15 MP: 4/8
   153 | D:1      | Learned a level 2 spell: Passwall
   421 | D:1      | Reached skill level 4 in Spellcasting
   476 | D:1      | Reached XP level 3. HP: 19/19 MP: 6/10
   491 | D:1      | Learned a level 3 spell: Stone Arrow
   580 | D:1      | You fall into a shaft and drop 1 floor!
  1221 | D:2      | Reached XP level 4. HP: 24/24 MP: 12/12
  1226 | D:2      | Learned a level 4 spell: Petrify
  1252 | D:2      | Found Potae's Magic Scroll Emporium.
  1262 | D:2      | Bought a scroll of identify for 26 gold pieces
  1262 | D:2      | Bought a scroll of identify for 26 gold pieces
  1601 | D:3      | Found a faded altar of an unknown god.
  1603 | D:3      | Prayed at the altar of an unknown god.
  1603 | D:3      | Became a worshipper of the Wu Jian Council
  1603 | D:3      | Reached * piety under Wu Jian
  1604 | D:3      | Fell from the grace of Wu Jian
  1612 | D:3      | Reached skill level 5 in Spellcasting
  1745 | D:3      | Found a stormy altar of Qazlal.
  1778 | D:3      | Noticed a +1 quarterstaff of electrocution
  1778 | D:3      | Noticed a +0 glaive of freezing
  1778 | D:3      | Noticed a +3 glaive of freezing
  1778 | D:3      | Killed a +3 glaive of freezing
  1779 | D:3      | Killed a +0 glaive of freezing
  1781 | D:3      | Killed a +1 quarterstaff of electrocution
  1864 | D:3      | Noticed a +4 vorpal quarterstaff
  1864 | D:3      | Noticed a +0 glaive of freezing
  1864 | D:3      | Noticed a +4 vorpal glaive
  1864 | D:3      | Noticed a +3 quarterstaff of speed
  1864 | D:3      | Noticed a +4 broad axe of flaming
  1865 | D:3      | Slain by a +4 vorpal glaive

Illustrated notes

Levels and vault maps discovered:
D:1:      dpeg_arrival_boxes_within_box, layout_basic
D:2:      layout_rooms, serial_shops, nicolae_lakefront_shop,
          minmay_small_reverse_x
D:3:      layout_loops_cross, nicolae_qazlal_eye_of_the_storm,
          chequers_ecumenical_altar_twisty

Skill      XL: |  1  2  3  4 |
---------------+-------------+-----
Spellcasting   | 4 5 |  5.0
Earth Magic    | 4 |  4.6
Dodging        | |  2.4
Stealth        | |  2.4
Transmutations | |  1.1

Action                   |  1- 3 |  4- 6 || total
-------------------------+-------+-------++-------
Melee: Unarmed           |       |     2 ||     2
 Cast: Sandblast         |    75 |    20 ||    95
Invok: Renounce Religion |       |     1 ||     1
  Use: Scroll            |       |     5 ||     5
       Potion            |       |     1 ||     1
Armor: Robe              |     8 |       ||     8
Dodge: Dodged            |    20 |     3 ||    23
